 Dungeon Crawl Stone Soup version 0.31-a0-489-g282fc92437 (webtiles) character file.

Game seed: 2913119363436855494

44 Ethylacetat the Ducker (level 3, 0/25 HPs)
             Began as an Octopode Gladiator on Aug 8, 2023.
             Frozen to death by an endoplasm (5 damage)
             ... on level 3 of the Dungeon.
             The game lasted 00:01:11 (936 turns).

Ethylacetat the Ducker (Octopode Gladiator)          Turns: 936, Time: 00:01:11

Health: 0/25       AC:  1    Str: 13    XL:     3   Next: 62%
Magic:  3/3        EV: 14    Int: 10    God:
Gold:   142        SH:  0    Dex: 15    Spells: 2/2 levels left

rFire   . . .        a - +0 rapier
rCold   . . .        (no shield)
rNeg    + . .        b - +0 hat
rPois   .            (no amulet)
rElec   .            g - ring of positive energy
rCorr   .            (no ring)
SInv    .            (no ring)
Will    .....        (no ring)
Stlth   +++          (no ring)
HPRegen 0.24/turn    (no ring)
MPRegen 0.08/turn    (no ring)
                     (no ring)

%: no passive effects
@: no status effects
A: almost no armour, amphibious, 8 rings, camouflage 1, gelatinous body 1,
(nimble swimmer 1), tentacles
a: no special abilities


You were on level 3 of the Dungeon.
You visited 1 branch of the dungeon, and saw 3 of its levels.

You collected 142 gold pieces.

Inventory:

Hand Weapons
 a - a +0 rapier (weapon)
Missiles
 c - 3 throwing nets (quivered)
 d - a javelin
Armour
 b - a +0 hat (worn)
Jewellery
 g - a ring of positive energy (left tentacle)
Wands
 m - a wand of mindburst (6)
Scrolls
 e - a scroll of amnesia {unknown}
 f - a scroll of enchant armour {unknown}
 h - a scroll of identify {unknown}
 j - a scroll of fog {unknown}
 k - 2 scrolls of blinking {unknown}
Potions
 i - a potion of enlightenment {unknown}
 l - a potion of lignification {unknown}


   Skills:
 + Level 2.5 Fighting
 + Level 3.3 Short Blades
 - Level 2.0 Throwing
 + Level 3.4 Dodging
 + Level 2.1 Stealth


You had 2 spell levels left.
You didn't know any spells.
Your spell library was empty.

Dungeon Overview and Level Annotations

Branches:
Dungeon (2/15)

Altars:


Innate Abilities, Weirdness & Mutations

You cannot wear most types of armour.
You are amphibious.
You can wear up to eight rings at the same time.
Your skin changes colour to match your surroundings (Stealth+).
Your rubbery body absorbs attacks. (AC +1, EV +1)
((You are camouflaged when in or above water. (Stealth+)))
You have tentacles for arms and can constrict up to eight enemies at once.


Message History

You are too injured to fight recklessly!
You are too injured to fight recklessly!
You are too injured to fight recklessly!
You are too injured to fight recklessly!
You are too injured to fight recklessly!
The frilled lizard attacks as you move away!
The frilled lizard closely misses you.
You hit the frilled lizard.
You kill the frilled lizard!
The bat hits you.
You hit the bat. Your grab misses the bat.
The bat is moderately wounded.
The bat closely misses you. The ball python closely misses you.
The ball python grabs you. The ball python constricts you.
You completely miss the bat. Your grab misses the bat.
The bat is moderately wounded.
The bat closely misses you. The ball python bites you.
The ball python constricts you.
An orc comes into view. It is wielding a +0 flail.
You barely miss the ball python. Your grab misses the ball python.
You squeeze the ball python.
You kill the ball python!
The bat misses you.
You hit the bat but do no damage. You grab the bat. You constrict the bat.
The bat hits you.
The bat struggles to escape constriction.
The frilled lizard bites you but does no damage.
The bat barely misses you.
You completely miss the bat.
The bat is moderately wounded.
You constrict the bat.
You kill the bat!
The frilled lizard bites you.
* * * LOW HITPOINT WARNING * * *
You hit the frilled lizard.
You kill the frilled lizard!
You hit the endoplasm but do no damage. The endoplasm freezes you.
You are frozen.
You die...

#.# #.# #.#
g##### #.#
......##.#
#....#
#.####..#####$#
..............#
#.#####.@#.####
#J## .# #.o# .#
#.#.. .# ##..#l
# #.#.# #.. .
#.# ## #.#


You could see an orc priest and an endoplasm.

Vanquished Creatures
  An adder (D:2)
  A dart slug (D:1)
  2 endoplasms (D:1)
  A giant cockroach (D:1)
  2 goblins
  2 hobgoblins
  A quokka (D:1)
  4 ball pythons
  6 bats
  4 frilled lizards
  5 kobolds
  4 rats
33 creatures vanquished.

Notes
Turn   | Place    | Note
-------+----------+-------------------------------------------
     0 | D:1      | Ethylacetat the Octopode Gladiator began the quest for the
                  | Orb.
     0 | D:1      | Reached XP level 1. HP: 14/14 MP: 1/1
   110 | D:1      | Reached skill level 1 in Stealth
   110 | D:1      | Reached XP level 2. HP: 19/19 MP: 2/2
   480 | D:1      | Reached XP level 3. HP: 22/25 MP: 3/3
   704 | D:1      | Found a faded altar of an unknown god.
   920 | D:2      | You fall into a shaft and drop 1 floor!
   936 | D:3      | Frozen to death by an endoplasm

Illustrated notes

Levels and vault maps discovered:
D:1:      nicolae_arrival_somewhat_less_tricky_arrival, layout_basic,
          shapermc_ecumenical_altar_acropolis, corexii_item_surrounded_by_moat,
          dk_noncrumbling_2, minmay_cupped
D:2:      layout_basic, nicolae_eternal_life, uniq_crazy_yiuf_cottage
D:3:      lemuel_castle_with_subvaults [lemuel_castle_interior_carwin_3],
          layout_loops_ring, uniq_grinder

Skill      XL: |  1  2  3 |
---------------+----------+-----
Stealth        | 1 2 |  2.1
Fighting       | |  2.5
Short Blades   | |  3.3
Throwing       | |  2.0
Dodging        | |  3.4

Action                     || total
---------------------------++-------
  Melee: Rapier            ||    60
         Constrict         ||    12
         Tentacles         ||    10
   Stab: Sleeping          ||     8
 Armour: Skin              ||    12
  Dodge: Dodged            ||    54

Table legend: (Time is in decaauts)
 A = Elapsed time spent in this place.
 B = Non-inter-level travel time spent in this place.
 C = Inter-level travel time spent in this place.
 D = Time resting spent in this place.
 E = Time spent auto-exploring this place.
 F = Levels seen in this place.
 G = Mean time per level.
                   A        B        C        D        E       F      G
               +--------+--------+--------+--------+--------+-----+--------+
         Total |    937 |    920 |     17 |      0 |    700 |   3 |  312.3 |
       Dungeon |    937 |    920 |     17 |      0 |    700 |   3 |  312.3 |
               +--------+--------+--------+--------+--------+-----+--------+

Top non-repeatable levels by time:
     D:1: 729 daAuts
     D:2: 192 daAuts
     D:3: 15 daAuts
